 Dungeon Crawl Stone Soup version 0.28-a0-199-g298df9dbad (webtiles) character file.

Game seed: 13213503674098202565

56 rabbitsville the Bolt Thrower (level 4, -2/26 HPs)
             Began as a Kobold Hunter on Aug 19, 2021.
             Slain by an orc (3 damage)
             ... on level 3 of the Dungeon.
             The game lasted 00:11:39 (2364 turns).

rabbitsville the Bolt Thrower (Kobold Hunter)       Turns: 2364, Time: 00:11:39

Health: -2/26      AC:  3    Str:  9    XL:     4   Next: 17%
Magic:  4/4        EV: 14    Int: 12    God:
Gold:   120        SH:  0    Dex: 16    Spells: 3/3 levels left

rFire   . . .      SeeInvis .   b - +0 short sword
rCold   . . .      Faith    .   (shield restricted)
rNeg    . . .      Spirit   .   c - +0 leather armour
rPois   .          Reflect  .   (no helmet)
rElec   .          Harm     .   (no cloak)
rCorr   .          Rampage  .   (no gloves)
Will    .....                   (no boots)
Stlth   +++.......              (no amulet)
HPRegen 0.08/turn               e - +4 ring of slaying
MPRegen 0.09/turn               (no ring)

@: flying
A: small, no large weapons, nightstalker 3
a: no special abilities


You were on level 3 of the Dungeon.
You visited 1 branch of the dungeon, and saw 3 of its levels.

You collected 120 gold pieces.

Inventory:

Hand Weapons
 a - a +1 hand crossbow of freezing
 b - a +0 short sword (weapon)
Missiles
 d - 15 bolts
Armour
 c - a +0 leather armour (worn)
Jewellery
 e - a +4 ring of slaying (left hand)
 l - a ring of ice
Scrolls
 f - a scroll of enchant weapon {unknown}
 h - a scroll of identify
 k - a scroll of immolation {unknown}
Potions
 i - a potion of might


   Skills:
 - Level 2.1 Fighting
 - Level 1.0 Short Blades
 + Level 5.6 Crossbows
 - Level 2.4 Dodging
 + Level 3.9 Stealth


You had 3 spell levels left.
You didn't know any spells.
Your spell library contained the following spells:

 Spells                   Type           Power      Damage    Failure   Level
 Blink                    Tloc           N/A        N/A       56%         2
 Manifold Assault         Tloc           0%         N/A       100%        5
 Storm Form               Tmut/Air       0%         N/A       100%        7


Dungeon Overview and Level Annotations

Branches:
Dungeon (3/15)

Altars:
Ashenzari
Kikubaaqudgha
Xom


Innate Abilities, Weirdness & Mutations

You are small and have problems with some larger weapons.
You are completely attuned to the shadows.


Message History

The orc wizard casts a spell at you. The puff of flame hits you!
* * * LOW HITPOINT WARNING * * *
The orc barely misses you.
As you read the scroll labelled HEPSAO FEOB, it crumbles to dust.
It is a scroll of identify.
i - a potion of might The hobgoblin hits you but does no damage.
An orc comes into view. It is wielding a +0 club.
The orc wizard misses you. The orc hits you with a +0 dagger.
* * * LOW HITPOINT WARNING * * *
As you read the scroll labelled JANOBI YLUAJ, it crumbles to dust.
It is a scroll of brand weapon.
Your +1 hand crossbow is covered with a thin layer of ice!
a - a +1 hand crossbow of freezing The hobgoblin barely misses you.
The orc wizard barely misses you. The orc closely misses you.
It was a potion of flight.
You feel very buoyant.
You fly up into the air.
The hobgoblin barely misses you.
The orc wizard hits you with a +0 dagger.
* * * LOW HITPOINT WARNING * * *
The orc closely misses you. The orc wizard barely misses you.
The hobgoblin misses you. The orc wizard misses you.
The orc wizard gestures at you while chanting.
You are confused.
The hobgoblin hits you but does no damage.
The orc closely misses you.
You closely miss the hobgoblin.
The orc wizard hits you but does no damage.
The orc hits you with a +0 dagger.
* * * LOW HITPOINT WARNING * * *
The hobgoblin completely misses you.
You are too confused!
You closely miss the orc.
You feel less confused.
The orc wizard hits you but does no damage.
The orc hits you with a +0 club.
You die...

#......#..#..#
#......##.#.##
##..#..##.#.##
#.....##....#
#.....####..#
#.....## ##.#
###....### ##
##..g..###
#..o@...##
#..o#o...#
##.......#
#.......#
###.......
#..##...
.####..#.(.
.......(..
....#.##..


You could see an orc wizard, 2 orcs and a hobgoblin.

Vanquished Creatures
  An adder (D:2)
  3 worms (D:2)
  4 endoplasms (D:1)
  2 goblins (D:2)
  4 hobgoblins
  3 jackals (D:2)
  3 quokkas
  4 ball pythons
  3 bats
  2 frilled lizards (D:2)
  5 kobolds
  A rat (D:1)
35 creatures vanquished.

Notes
Turn   | Place    | Note
-------+----------+-------------------------------------------
     0 | D:1      | rabbitsville the Kobold Hunter began the quest for the Orb.
     0 | D:1      | Reached XP level 1. HP: 12/12 MP: 1/1
   244 | D:1      | Reached XP level 2. HP: 16/17 MP: 2/2
   419 | D:1      | Found a faded altar of an unknown god.
   424 | D:1      | Reached skill level 1 in Short Blades
   424 | D:1      | Reached skill level 5 in Crossbows
  1236 | D:2      | Reached XP level 3. HP: 21/21 MP: 3/3
  1710 | D:2      | Reached XP level 4. HP: 26/26 MP: 4/4
  2262 | D:3      | Found an ancient bone altar of Kikubaaqudgha.
  2272 | D:3      | Found a faded altar of an unknown god.
  2274 | D:3      | Found a broken altar of Ashenzari.
  2275 | D:3      | Found a shimmering altar of Xom.
  2290 | D:3      | Found a faded altar of an unknown god.
  2363 | D:3      | HP: 1/26 [orc (2)]
  2364 | D:3      | Slain by an orc

Illustrated notes

Levels and vault maps discovered:
D:1:      elethiomel_arrival_maze, layout_basic,
          hellmonk_ecumenical_altar_pennies_from_heaven, minmay_misc_feat_alley,
          grunt_decor_resistance, serial_park_tiny_1
D:2:      layout_basic
D:3:      layout_rooms, kennysheep_ying_yang,
          chequers_temple_overflow_minitemple, gammafunk_ghost_smash,
          nrook_mini_backslash, chequers_garden, skrybe_limestone_x,
          uniq_jessica

Skill      XL: |  1  2 |
---------------+-------+-----
Stealth        | 2 3 |  3.9
Short Blades   | 1 |  1.0
Crossbows      | 5 |  5.6
Fighting       | |  2.1
Dodging        | |  2.4

Action                   |  1- 3 |  4- 6 || total
-------------------------+-------+-------++-------
Melee: Short sword       |    16 |    15 ||    31
       Hand crossbow     |       |     1 ||     1
 Fire: Hand crossbow     |    43 |     8 ||    51
  Use: Scroll            |       |     2 ||     2
       Potion            |       |     1 ||     1
Armor: Leather armour    |     4 |     6 ||    10
Dodge: Dodged            |    19 |    23 ||    42

Table legend: (Time is in decaauts)
 A = Elapsed time spent in this place.
 B = Non-inter-level travel time spent in this place.
 C = Inter-level travel time spent in this place.
 D = Time resting spent in this place.
 E = Time spent auto-exploring this place.
 F = Levels seen in this place.
 G = Mean time per level.
                   A        B        C        D        E       F      G
               +--------+--------+--------+--------+--------+-----+--------+
         Total |   2372 |   2307 |     65 |     44 |   1528 |   3 |  790.7 |
       Dungeon |   2372 |   2307 |     65 |     44 |   1528 |   3 |  790.7 |
               +--------+--------+--------+--------+--------+-----+--------+

Top non-repeatable levels by time:
     D:1: 1122 daAuts
     D:2: 1101 daAuts
     D:3: 149 daAuts
